 Dungeon Crawl Stone Soup version 0.18.1-5-g4a78601 (webtiles) character file.

28 jacquesderrida the Poker (level 3, 22/27 HPs)
             Began as a Demonspawn Skald on May 14, 2016.
             Quit the game on level 2 of the Dungeon.
             The game lasted 00:00:44 (530 turns).

jacquesderrida the Poker (Demonspawn Skald)          Turns: 530, Time: 00:00:45

Health: 22/27      AC:  6    Str: 12    XL:     3   Next: 0%
Magic:  6/6        EV: 11    Int: 13    God:
Gold:   53         SH:  0    Dex: 13    Spells: 1 memorised, 5 levels left

rFire  + . .     SeeInvis .     a - +0 spear
rCold  . . .     Gourm    .     b - +0 leather armour
rNeg   . . .     Faith    .     (no shield)
rPois  .         Spirit   .     (no helmet)
rElec  .         Dismiss  .     (no cloak)
rCorr  .         Reflect  .     (no gloves)
SustAt .         Harm     .     (no boots)
MR     .....                    (no amulet)
Stlth  +.........               (no ring)
                                j - ring of protection from fire

@: not resistant to hostile enchantments, very unstealthy
A: yellow scales 2
a: no special abilities


You were on level 2 of the Dungeon.
You were not hungry.

You visited 1 branch of the dungeon, and saw 2 of its levels.

You collected 53 gold pieces.

Inventory:

Hand Weapons
 a - a +0 spear (weapon)
Armour
 b - a +0 leather armour (worn)
Jewellery
 j - a ring of protection from fire (left hand)
Scrolls
 g - a scroll of fear {unknown}
 h - a scroll of random uselessness {unknown}
Potions
 e - a potion of heal wounds {unknown}
 i - a potion of curing {unknown}
Books
 c - a book of Battle

   Spells                             Type                      Level
   a - Infusion                       Charms                       1
   b - Shroud of Golubria             Charms/Translocation         2
   c - Song of Slaying                Charms                       2
   d - Spectral Weapon                Hexes/Charms                 3
   e - Regeneration                   Charms/Necromancy            3
Comestibles
 d - 2 bread rations
 f - 2 fruits
 k - a slice of pizza


   Skills:
 - Level 2.0 Fighting
 + Level 3.1 Polearms
 - Level 0.8 Armour
 - Level 0.8 Dodging
 - Level 2.0 Spellcasting
 - Level 2.6 Charms


You had 5 spell levels left.
You knew the following spells:

 Your Spells              Type           Power        Failure   Level  Hunger
a - Infusion              Chrm           #...         12%         1    ##.....


Dungeon Overview and Level Annotations

Branches:
Dungeon (2/15)

Altars:


Innate Abilities, Weirdness & Mutations

You are mostly covered in yellow scales (AC +3).


Message History

The jackal is severely wounded.
The jackal bites you but does no damage.
You hit the jackal but do no damage.
The jackal is severely wounded.
The jackal bites you.
You hit the jackal but do no damage.
The jackal is severely wounded.
The jackal closely misses you. x2
You hit the jackal but do no damage.
The jackal is severely wounded.
The jackal barely misses you.
You hit the jackal.
You kill the jackal!
You have reached level 3!
Your experience leads to an increase in your attributes!
Increase (S)trength, (I)ntelligence, or (D)exterity?
You feel agile.
Your demonic ancestry asserts itself...
Yellow scales spread over more of your body.
The jackal completely misses you.
Are you sure you want to abandon this character and quit the game? (Confirm with "yes".)

#.# ##.# .. ...# #...
..## #...#...#
#...##h. ...##h#
#.##@# #....#
########### #^..## ##
.(.##.....###...#....
...........##....[#
...............####
....................
....################
....#


You could see 2 jackals.

Vanquished Creatures
  An ooze (D:1)
  A worm (D:2)
  A giant gecko (D:1)
  2 bats (D:1)
  A giant cockroach (D:1)
  3 goblins (D:1)
  5 jackals
  2 giant newts
  A kobold (D:1)
  2 rats (D:1)
19 creatures vanquished.

Notes
Turn   | Place    | Note
--------------------------------------------------------------
     0 | D:1      | jacquesderrida the Demonspawn Skald began the quest for the Orb.
     0 | D:1      | Reached XP level 1. HP: 16/16 MP: 3/3
    24 | D:1      | Reached skill level 2 in Polearms
    79 | D:1      | Gained mutation: You are partially covered in yellow scales (AC +2). [demonic ancestry]
    79 | D:1      | Reached XP level 2. HP: 21/22 MP: 5/5
   230 | D:1      | Reached skill level 3 in Polearms
   529 | D:2      | Gained mutation: You are mostly covered in yellow scales (AC +3). [demonic ancestry]
   529 | D:2      | Reached XP level 3. HP: 22/27 MP: 6/6
   530 | D:2      | Quit the game

Skill      XL: |  1  2 |
---------------+-------+-----
Polearms       | 2 3 |  3.1
Fighting       | |  2.0
Armour         | |  0.8
Dodging        | |  0.8
Spellcasting   | |  2.0
Charms         | |  2.6

Action                   || total
-------------------------++-------
Melee: Spear             ||   103
Armor: Leather armour    ||    29
Dodge: Dodged            ||    62
